[Event "Early-Titled-Tuesday-Blitz-February-27-2024"]
[Site "Chess.com"]
[Date "2024.02.27"]
[Round "3"]
[White "Elprofessor21"]
[Black "MarijaKuznecova"]
[Result "1-0"]
[WhiteElo "2670"]
[BlackElo "2336"]
[TimeControl "180+1"]
[EndTime "8:30:12 PST"]
[Termination "Elprofessor21 won by resignation"]

1. d4 Nf6 2. c4 c5 3. d5 b5 4. Nf3 g6 5. a4 bxc4 6. Nc3 d6 7. e4 Bg7 8. Bxc4 O-O 9. O-O Ba6 10.
Nd2 Nfd7 11. Qe2 Bxc4 12. Nxc4 Nb6 13. Na5 Qc7 14. Bg5 h6 15. Bh4 e6 16. Bg3 e5 17.
Rfd1 N6d7 18. Nc6 g5 19. Nb5 Qb6 20. a5 Qa6 21. Ne7+ Kh7 22. Nf5 Nf6 23. Nfxd6 Nbd7 24. Rd2 Rab8 25. h4 g4 26. h5 Rg8 27. Bh4 Bf8 28.
b4 Bxd6 29. Nxd6 Qxd6 30. bxc5 Nxc5 31. Rc1 Nxh5 32. Rdc2 Rbc8 33. Qc4 Nf4 34. Bg3 Nfd3 35. Rd1 Qd7 36. Rxd3 Nxd3 37. Qxd3 Rxc2 38. Qxc2 Qd6 39. Qb2 Re8 40. Qb5 Re7 41. Kh2 Kg6 42. Qe2 h5 43.
Bh4 f6 44. f3 Rh7 45. fxg4 hxg4 46. Qxg4+ Kf7 47. g3 Qe7 48. Qf5 Rg7 49. Kg2 Rg6 50. Qh5 Kg7 51. Qf5 Qa3 52. Qd7+ Kh6 53. Qe7 Qb2+ 54.
Kh3 Qc1 55. Qf8+ Kh7 56. Qf7+ Kh6 57. Kg2 Qd2+ 58. Kf3 Qd3+ 59. Kf2 Qxe4 60. Qf8+ Kh7 61. Qf7+ Kh6 62. Qf8+ Kh5 63. d6 Qf5+ 64. Ke3 Kg4 65. Qe8 Qf3+ 66. Kd2 Qf2+ 67. Kc3 Qd4+ 68. Kb3 Rg7 69.
Qe6+ Kf3 70. Qxf6+ Kg2 71. Qxg7 Qxd6 72. Qb7+ Kh3 73.
Qxa7 Qd3+ 74. Kb4 e4 75. Qf7 e3 76. Qe6+ Kg2 77. a6 e2 78. a7 Qd2+ 79. Kb5 Qd3+ 80. Kb6 Qd4+ 81. Kb7 Qb4+ 82. Qb6 e1=Q 83. a8=Q Qbe7+ 84. Ka6+ Kh2 85. Qb2+ Q1e2+ 86. Qxe2+ Qxe2+ 87. Kb7 Qf3+ 88. Kb8 Qxa8+ 89. Kxa8 Kh3 90. Kb7 Kg4 91. Kc6 1-0

[Event "Early-Titled-Tuesday-Blitz-February-27-2024"]
[Site "Chess.com"]
[Date "2024.02.27"]
[Round "3"]
[White "platy3"]
[Black "Witik"]
[Result "1/2-1/2"]
[WhiteElo "2941"]
[BlackElo "2718"]
[TimeControl "180+1"]
[EndTime "8:30:27 PST"]
[Termination "Game drawn - insufficient material"]

1. e4 c6 2. d4 d5 3. e5 Bf5 4. Nd2 e6 5. Nb3 Nd7 6. Nf3 Ne7 7. Be2 h6 8. O-O g5 9. a4 Bg7 10. a5 O-O 11. Be3 Ng6 12. Ne1 Nf4 13. Bg4 Bxg4 14. Qxg4 f5 15. Qd1 Ng6 16. f4 g4 17.
Nd3 Qe7 18. Qc1 Rfc8 19. c4 Qf7 20. Qc3 dxc4 21. Qxc4 Ne7 22. Bd2 Nd5 23. Rfc1 Bf8 24. Qa4 a6 25. Rc2 h5 26. Be1 Be7 27. Nd2 h4 28.
Nc4 Kh7 29. Nd6 Bxd6 30. exd6 N7f6 31. Bxh4 Ne4 32. Ne5 Qh5 33. Bg3 Nxd6 34. Re1 Ne4 35. Qb3 Rc7 36. Rce2 Nef6 37. Nc4 Ne4 38. Rxe4 fxe4 39.
Rxe4 Rf8 40. Rxe6 Qf5 41. Re1 Rff7 42. Ne5 Rfe7 43. Qa3 Nf6 44. Qd6 Rg7 45. Qd8 Nd5 46. Qh4+ Kg8 47. Qd8+ Kh7 48. Nc4 Rce7 49. Ne5 Qh5 50.
Qf8 Qe8 51. Qxe8 Rxe8 52. Rc1 Nb4 53. Rf1 Nd5 54. Rf3 Rge7 55. Rf1 Re6 56. Rf2 Rf6 57. h3 gxh3 58. gxh3 Ne3 59. Kh2 Nf5 60. Ng4 Rd6 61.
Ne5 Rxd4 62. Rg2 Rg8 63. Nf3 Rd3 64. Ng5+ Kg6 65. Be1 Kf6 66. Ne4+ Kf7 67. Ng5+ Ke8 68. Bc3 Kd7 69. Re2 Re8 70. Rf2 Ree3 71. Kg2 Nh4+ 72.
Kh2 Nf3+ 73. Nxf3 Rxf3 74. Rxf3 Rxf3 75. Be5 Ke6 76. Kg2 Rb3 77. h4 Kf5 78. h5 Rb5 79. Bc3 Kxf4 80. h6 Rh5 81. Kf2 Ke4 82. Bg7 Kd5 83.
Kg3 Kc4 84. Kg4 Rh1 85. Kf5 Kb5 86. Kg6 Kxa5 87. h7 Rxh7 88. Kxh7 Kb4 89. Kg6 Kb3 90.
Kf5 c5 91. Ke5 c4 92. Kd5 b5 93. Kc5 b4 94. Kb6 Kc2 95. Kxa6 c3 96. bxc3 bxc3 97.
Kb5 Kd3 98. Bxc3 1/2-1/2

[Event "Early-Titled-Tuesday-Blitz-February-27-2024"]
[Site "Chess.com"]
[Date "2024.02.27"]
[Round "3"]
[White "kidagent"]
[Black "JonasEilenberg"]
[Result "1/2-1/2"]
[WhiteElo "2322"]
[BlackElo "2561"]
[TimeControl "180+1"]
[EndTime "8:30:33 PST"]
[Termination "Game drawn - insufficient material"]

1. c4 e6 2. g3 d5 3. Bg2 dxc4 4.
Na3 Bxa3 5. bxa3 Nf6 6. Nf3 Nc6 7. O-O O-O 8. Bb2 Rb8 9. a4 a6 10. Qc2 b5 11. axb5 axb5 12. Ng5 Nd4 13. Qd1 h6 14. Ne4 Nxe4 15. Bxe4 Bb7 16. Bxb7 Rxb7 17. e3 Nf5 18. a3 Qd5 19. f3 Rd8 20. Rf2 Nxe3 21. Qe2 Nc2 22. Rc1 Nd4 23. Qe4 Qxe4 24. fxe4 c5 25.
Rcf1 f6 26. Kg2 e5 27. Rb1 b4 28. Bc3 Nc2 29. axb4 cxb4 30. Bb2 b3 31. Bc3 Nb4 32. Ra1 Nd3 33. Rff1 b2 34. Rab1 Ra8 35. Kf3 Rab8 36. Ke2 Nc5 37. Kd1 Nxe4 38. Kc2 Nxc3 39. dxc3 Rd8 40.
Rf2 Rdb8 41. Rd2 Kf7 42. Rd6 e4 43. Rc6 e3 44. Rxc4 Re7 45. Kd1 e2+ 46. Ke1 Rd8 47.
Rd4 Rc8 48. Rd3 Ra8 49. Rd2 Ra3 50. Rc2 Re3 51. Rxe2 Raxc3 52. Rxb2 Rf3 53. Rb7+ Kg6 54. Ree7 Rce3+ 55. Rxe3 Rxe3+ 56. Kf2 Re5 57. Rb4 h5 58. Kf3 Ra5 59. h4 Kf5 60. Rf4+ Ke5 61. Rb4 Ra3+ 62.
Kf2 Kf5 63. Kg2 Ra5 64. Kf3 g6 65. Rc4 Ke5 66. Rb4 Ra3+ 67. Kf2 Ra2+ 68. Kf3 Ra6 69. Rc4 f5 70. Rb4 Kf6 71. Rc4 g5 72. hxg5+ Kxg5 73. Rb4 Ra3+ 74. Kg2 Re3 75. Rb8 Re6 76. Rb4 Rc6 77.
Kh3 Rc3 78. Kg2 Rc2+ 79. Kh3 Rc7 80. Kg2 Kf6 81. Rb8 Kg5 82. Rb4 Rd7 83. Kh3 Rd3 84.
Kg2 Rd2+ 85. Kh3 Rd1 86. Kg2 Rd2+ 87. Kf3 Ra2 88. Rc4 Ra3+ 89. Kg2 Ra7 90. Rb4 Rh7 91. Kh3 Rf7 92. Rc4 Kf6 93. Rf4 Rg7 94. Rb4 Re7 95.
Rc4 Re6 96. Rb4 Ke5 97. Kh4 Rg6 98. Rb3 Rh6 99. Kg5 Rh8 100. Re3+ Kd4 101. Rf3 Ke4 102. Rf4+ Ke3 103. Rxf5 Rg8+ 104. Kh4 Ke4 105. Rxh5 Kf3 106.
Rg5 Rxg5 107. Kxg5 Kxg3 1/2-1/2

[Event "Early-Titled-Tuesday-Blitz-February-27-2024"]
[Site "Chess.com"]
[Date "2024.02.27"]
[Round "4"]
[White "SharapovEvgeny"]
[Black "Iunusovnuriddin"]
[Result "0-1"]
[WhiteElo "2516"]
[BlackElo "2365"]
[TimeControl "180+1"]
[EndTime "8:32:38 PST"]
[Termination "Iunusovnuriddin won by resignation"]

1. e4 e5 2. Nf3 d6 3. d4 exd4 4.
Nxd4 Nf6 5. Nc3 Be7 6. Bf4 O-O 7. Qd2 c6 8. O-O-O b5 9. f3 b4 10. Nce2 c5 11. Nf5 Bxf5 12. exf5 d5 13. Kb1 Nc6 14.
g4 d4 15. Ng3 Nd5 16. Ne4 Nc3+ 17. bxc3 bxc3 18. Qf2 Qb6+ 0-1

[Event "Early-Titled-Tuesday-Blitz-February-27-2024"]
[Site "Chess.com"]
[Date "2024.02.27"]
[Round "4"]
[White "emiliochess"]
[Black "AndreyOstrovskiy"]
[Result "0-1"]
[WhiteElo "2351"]
[BlackElo "2667"]
[TimeControl "180+1"]
[EndTime "8:32:43 PST"]
[Termination "AndreyOstrovskiy won by resignation"]

1. d4 Nf6 2. Bf4 d5 3. e3 a6 4.
Nd2 b5 5. Ngf3 Bb7 6. Ne5 e6 7. Bd3 c5 8. c3 Nc6 9. Ndf3 Nd7 10. h4 Ndxe5 11. Nxe5 Nxe5 12. Bxe5 Qd7 13. a4 b4 14. cxb4 c4 15. Be2 Bxb4+ 16. Kf1 f6 17. Bg3 O-O 18. h5 a5 19. h6 g6 0-1

[Event "Early-Titled-Tuesday-Blitz-February-27-2024"]
[Site "Chess.com"]
[Date "2024.02.27"]
[Round "4"]
[White "ritanovikova"]
[Black "Fernando_Offermann"]
[Result "0-1"]
[WhiteElo "2232"]
[BlackElo "2489"]
[TimeControl "180+1"]
[EndTime "8:33:25 PST"]
[Termination "Fernando_Offermann won by resignation"]

1. e4 c5 2. Nc3 d6 3. d3 g6 4. g3 Bg7 5. Be3 Nc6 6. Qd2 f5 7. Bg2 Nf6 8. Bh6 O-O 9. h4 Nd4 10. O-O-O Bxh6 11. Qxh6 Ng4 12. Qd2 h5 13. f3 Ne5 14. Qg5 Kh7 15. g4 fxg4 16. f4 Ne6 17.
fxe5 Nxg5 18. hxg5 dxe5 19. Nge2 e6 20. Ng3 Qxg5+ 21. Kb1 Bd7 0-1

[Event "Early-Titled-Tuesday-Blitz-February-27-2024"]
[Site "Chess.com"]
[Date "2024.02.27"]
[Round "4"]
[White "dretch"]
[Black "phantom19801127"]
[Result "1-0"]
[WhiteElo "2889"]
[BlackElo "2539"]
[TimeControl "180+1"]
[EndTime "8:33:30 PST"]
[Termination "dretch won by resignation"]

1. d4 Nf6 2. c4 c5 3. d5 g6 4. Nc3 Bg7 5. e4 d6 6. h3 e6 7. Nf3 exd5 8. cxd5 O-O 9. Bd3 b5 10.
Nxb5 Nxe4 11. Bxe4 Re8 12. Ng5 Bf5 13. O-O Bxe4 14.
Re1 Bc2 15. Rxe8+ Qxe8 16. Nxd6 Bxd1 17. Nxe8 Bd4 18. Nc7 1-0

[Event "Early-Titled-Tuesday-Blitz-February-27-2024"]
[Site "Chess.com"]
[Date "2024.02.27"]
[Round "4"]
[White "Nouali_Mohamed"]
[Black "Vse_po_kaify"]
[Result "1-0"]
[WhiteElo "2547"]
[BlackElo "2186"]
[TimeControl "180+1"]
[EndTime "8:33:38 PST"]
[Termination "Nouali_Mohamed won by resignation"]

1. e4 e5 2. Bc4 Nf6 3. Nc3 c6 4. d4 Qa5 5. dxe5 Nxe4 6. Ne2 Nxc3 7. bxc3 Qxe5 8. O-O Bd6 9. Bf4 Qxf4 10. Nxf4 Bxf4 11. Re1+ Kd8 12. Qf3 Bd2 13. Red1 Bh6 14. Qxf7 d5 15. Bxd5 cxd5 16. Rxd5+ Bd7 17. Rad1 1-0

[Event "Early-Titled-Tuesday-Blitz-February-27-2024"]
[Site "Chess.com"]
[Date "2024.02.27"]
[Round "4"]
[White "kidagent"]
[Black "BogdanDeac"]
[Result "0-1"]
[WhiteElo "2322"]
[BlackElo "2978"]
[TimeControl "180+1"]
[EndTime "8:33:43 PST"]
[Termination "BogdanDeac won by resignation"]

1. c4 e6 2. g3 d5 3. Bg2 Nf6 4. Nf3 Be7 5. b3 d4 6. O-O Nc6 7. e3 e5 8. exd4 e4 9. Ne1 Bg4 10. Qc2 Nxd4 11. Qb2 Be2 12. Nc3 Bxf1 13. Kxf1 O-O 14.
Nxe4 Nxe4 15. Bxe4 Bf6 16. Qb1 Re8 17. Bb2 c6 18.
Bxh7+ Kh8 19. Be4 Nxb3 20. axb3 Bxb2 21. Ra2 Bf6 22. Qd1 Rxe4 0-1

[Event "Early-Titled-Tuesday-Blitz-February-27-2024"]
[Site "Chess.com"]
[Date "2024.02.27"]
[Round "4"]
[White "NewYearGirl"]
[Black "Fighter008"]
[Result "0-1"]
[WhiteElo "2361"]
[BlackElo "2534"]
[TimeControl "180+1"]
[EndTime "8:33:45 PST"]
[Termination "Fighter008 won by resignation"]

1. e4 c5 2. Nf3 a6 3. c4 e6 4. d4 cxd4 5. Nxd4 Nf6 6. Bd3 Qc7 7.
O-O b6 8. Be3 Bb7 9. Nc3 d6 10.
Rc1 Nbd7 11. f4 Be7 12. Qe1 Rc8 13. Qg3 g6 14. f5 gxf5 15. exf5 Rg8 16. Bg5 Qc5 17.
Qe3 Ng4 18. Nxe6 Qxe3+ 19. Bxe3 Nxe3 0-1

[Event "Early-Titled-Tuesday-Blitz-February-27-2024"]
[Site "Chess.com"]
[Date "2024.02.27"]
[Round "4"]
[White "Roman_Ovetchkin"]
[Black "stollenmonster"]
[Result "0-1"]
[WhiteElo "2598"]
[BlackElo "2880"]
[TimeControl "180+1"]
[EndTime "8:33:47 PST"]
[Termination "stollenmonster won by resignation"]

1. d4 Nf6 2. c4 e6 3. g3 d5 4. Bg2 Be7 5. Nf3 O-O 6. Qc2 Ne4 7.
O-O f5 8. Nc3 c6 9. Rb1 Bd7 10.
b4 Be8 11. b5 cxb5 12. cxd5 Qc8 13. Bb2 b4 14. Ne5 bxc3 15. d6 Nxd6 16. Bxc3 Nc6 17. Nd3 Nxd4 0-1

[Event "Early-Titled-Tuesday-Blitz-February-27-2024"]
[Site "Chess.com"]
[Date "2024.02.27"]
[Round "4"]
[White "sathvikadiga"]
[Black "tsaruk_maks"]
[Result "0-1"]
[WhiteElo "2549"]
[BlackElo "2758"]
[TimeControl "180+1"]
[EndTime "8:33:47 PST"]
[Termination "tsaruk_maks won by checkmate"]

1. d4 d6 2. Nc3 Nf6 3. e4 e5 4. dxe5 dxe5 5. Qxd8+ Kxd8 6. Bc4 Bb4 7. Bd2 Ke8 8.
O-O-O c6 9. Nf3 Bg4 10. Nxe5 Bxd1 11. Rxd1 Rf8 12. a3 Bd6 13. Bf4 Bc7 14. Nxc6 Bxf4+ 15. Kb1 Nxc6 16. g3 Be5 17. Nb5 a6 18. Nd6+ Bxd6 19.
Rxd6 Rd8 20. e5 Nxe5 21. Rb6 Nxc4 22. Rxb7 Rd7 23. Rb8+ Ke7 24. Rb4 Rc8 25. b3 Nxa3+ 26. Kb2 Nxc2 27. Rf4 Rd2 28. Kc1 Rd3 29. Kb2 Nd4 30. b4 Rc2+ 31. Ka1 Rd1# 0-1

[Event "Early-Titled-Tuesday-Blitz-February-27-2024"]
[Site "Chess.com"]
[Date "2024.02.27"]
[Round "4"]
[White "MANOJ_MISHRA123"]
[Black "Chess4always"]
[Result "1-0"]
[WhiteElo "2261"]
[BlackElo "1959"]
[TimeControl "180+1"]
[EndTime "8:34:00 PST"]
[Termination "MANOJ_MISHRA123 won by resignation"]

1. d4 d5 2. Nc3 c6 3. Bf4 Bf5 4. e3 Nf6 5. f3 Nbd7 6. g4 Bg6 7.
h4 h5 8. g5 Ng8 9. Bd3 Bxd3 10. Qxd3 g6 11. e4 e6 12. Nge2 a6 13. a4 Ne7 14. a5 Bg7 15. Ng3 c5 16. exd5 Nxd5 17. Nxd5 exd5 18. Bd6 Bxd4 19. Qe2+ Ne5 20. Bxe5 O-O 21.
Bxd4 Re8 22. Be5 Qd7 23. f4 f6 24. gxf6 1-0

[Event "Early-Titled-Tuesday-Blitz-February-27-2024"]
[Site "Chess.com"]
[Date "2024.02.27"]
[Round "4"]
[White "FernandoArauzAlonso"]
[Black "Road2GM3000"]
[Result "1-0"]
[WhiteElo "2652"]
[BlackElo "2432"]
[TimeControl "180+1"]
[EndTime "8:34:18 PST"]
[Termination "FernandoArauzAlonso won by resignation"]

1. Nf3 d5 2. g3 c6 3. Bg2 Nf6 4. O-O Bg4 5. d3 e6 6. b3 Nbd7 7. Bb2 Be7 8. c4 O-O 9. Nbd2 a6 10. Rc1 Rc8 11. Rc2 b5 12. Qa1 h6 13. Re1 Qa5 14.
a3 bxc4 15. dxc4 Rb8 16. b4 Qa4 17. Rec1 a5 18. cxd5 cxd5 19. Ne5 Nxe5 20. Bxe5 axb4 21. Bxb8 Rxb8 22. axb4 Qxa1 23. Rxa1 Bxe2 24. Bf1 Bxf1 25. Nxf1 Bxb4 26. Rb1 Bd6 27. Rxb8+ Bxb8 28. Rc8+ 1-0

[Event "Early-Titled-Tuesday-Blitz-February-27-2024"]
[Site "Chess.com"]
[Date "2024.02.27"]
[Round "4"]
[White "cthake"]
[Black "kai_nov"]
[Result "0-1"]
[WhiteElo "1819"]
[BlackElo "2339"]
[TimeControl "180+1"]
[EndTime "8:34:22 PST"]
[Termination "kai_nov won by resignation"]

1. b3 e5 2. Bb2 d6 3. e3 Nc6 4. c4 Nf6 5. d3 Be7 6. g3 O-O 7. Bg2 Be6 8. Ne2 d5 9. O-O dxc4 10. dxc4 Qxd1 11. Rxd1 Rad8 12. Nbc3 Nb4 13. a3 Nd3 14.
Rab1 b5 15. Nxb5 Nxb2 16. Rxd8 Rxd8 17. Nxc7 Bf5 18. Rxb2 Rd1+ 19. Bf1 Bh3 0-1

[Event "Early-Titled-Tuesday-Blitz-February-27-2024"]
[Site "Chess.com"]
[Date "2024.02.27"]
[Round "4"]
[White "marcodobrikov"]
[Black "TioCridineno"]
[Result "1-0"]
[WhiteElo "2604"]
[BlackElo "2418"]
[TimeControl "180+1"]
[EndTime "8:34:25 PST"]
[Termination "marcodobrikov won by resignation"]

1. e4 c5 2. Nc3 Nc6 3. f4 g6 4. Bc4 e6 5. Nf3 Bg7 6. O-O Nge7 7. d3 d5 8. Bb3 Nd4 9. Qe1 b5 10.
exd5 Nxb3 11. axb3 Nxd5 12. Nxb5 Qb6 13. Nc3 c4+ 14. d4 Nb4 15. bxc4 Nxc2 16. Qe4 Nxd4 17. Qxa8 Nc6+ 18. Kh1 O-O 19. Be3 Qxe3 20. Qxc6 Qxf4 21. Rxa7 e5 22. Nd5 Qg4 23. Ne7+ Kh8 24. Nxc8 Rxc8 25. Ra8 1-0

[Event "Early-Titled-Tuesday-Blitz-February-27-2024"]
[Site "Chess.com"]
[Date "2024.02.27"]
[Round "4"]
[White "Leebit02"]
[Black "kingofthenil"]
[Result "0-1"]
[WhiteElo "2541"]
[BlackElo "2741"]
[TimeControl "180+1"]
[EndTime "8:34:32 PST"]
[Termination "kingofthenil won by resignation"]

1. e4 Nc6 2. Nf3 d5 3. exd5 Qxd5 4. Nc3 Qh5 5. Be2 Bg4 6. h3 O-O-O 7. O-O Bxh3 8. gxh3 Qxh3 9. Nh2 e6 10. Ne4 Nf6 11.
Ng3 h5 12. Bf3 Bc5 13. Ne4 Ng4 0-1

[Event "Early-Titled-Tuesday-Blitz-February-27-2024"]
[Site "Chess.com"]
[Date "2024.02.27"]
[Round "4"]
[White "Austen48"]
[Black "guillembaches"]
[Result "0-1"]
[WhiteElo "2246"]
[BlackElo "2518"]
[TimeControl "180+1"]
[EndTime "8:34:34 PST"]
[Termination "guillembaches won by resignation"]

1. d4 d5 2. c4 e6 3. Nc3 a6 4. cxd5 exd5 5. Nf3 Nf6 6. Bg5 Be6 7. e3 Nbd7 8. Bd3 Bd6 9. O-O c6 10. h3 Qc7 11.
Rc1 h6 12. Bxf6 Nxf6 13. a3 g5 14.
Nd2 g4 15. h4 g3 16. f3 Qe7 17.
e4 Nh5 18. f4 Nxf4 19. e5 Nxd3 20. exd6 Qxd6 21. Nde4 dxe4 0-1

[Event "Early-Titled-Tuesday-Blitz-February-27-2024"]
[Site "Chess.com"]
[Date "2024.02.27"]
[Round "4"]
[White "Evgeny81"]
[Black "GlavkonVVS"]
[Result "1-0"]
[WhiteElo "2767"]
[BlackElo "2554"]
[TimeControl "180+1"]
[EndTime "8:34:43 PST"]
[Termination "Evgeny81 won by resignation"]

1. d4 Nf6 2. c4 c5 3. d5 e6 4. Nc3 exd5 5. cxd5 d6 6. Nf3 g6 7. Bf4 Bg7 8. h3 O-O 9. e3 a6 10. a4 Re8 11. Nd2 Nbd7 12. Be2 Ne5 13. Bh2 Rb8 14. O-O Qc7 15. a5 h5 16. Kh1 Nh7 17. f4 Nd7 18. e4 b5 19. axb6 Nxb6 20. Qc2 Nf6 21. Bxa6 Bxa6 22. Rxa6 c4 23. f5 Qb7 24. Ra5 Qa6 25. Rxa6 1-0

[Event "Early-Titled-Tuesday-Blitz-February-27-2024"]
[Site "Chess.com"]
[Date "2024.02.27"]
[Round "4"]
[White "ilya2700"]
[Black "anasta10"]
[Result "0-1"]
[WhiteElo "2362"]
[BlackElo "2536"]
[TimeControl "180+1"]
[EndTime "8:34:45 PST"]
[Termination "anasta10 won by checkmate"]

1. e4 g6 2. d4 Bg7 3. Be3 d6 4. Nf3 a6 5. Bd3 b5 6. Nc3 Bb7 7. a3 Nd7 8. Qd2 c5 9. d5 Ngf6 10. O-O O-O 11. b4 Rc8 12. Ne2 c4 13. Bxc4 Rxc4 14.
Qd3 Nxe4 15. Rac1 Nef6 16. Bd4 Bxd5 17. Bxf6 Nxf6 18. Nf4 Rxf4 19. Rfe1 e5 20. Nd2 Rd4 21. Qe3 Ng4 22. Qe2 Qh4 23. h3 Nxf2 24. Nf3 Nxh3+ 25.
gxh3 Qg3+ 26. Qg2 Qxf3 27. Qf2 Qh1# 0-1

[Event "Early-Titled-Tuesday-Blitz-February-27-2024"]
[Site "Chess.com"]
[Date "2024.02.27"]
[Round "4"]
[White "JaackCamel"]
[Black "Sjakkerntobi"]
[Result "1-0"]
[WhiteElo "2204"]
[BlackElo "2469"]
[TimeControl "180+1"]
[EndTime "8:34:45 PST"]
[Termination "JaackCamel won by resignation"]

1. d4 Nf6 2. c4 e6 3. Nc3 c5 4. d5 exd5 5. cxd5 d6 6. e4 g6 7. f4 Bg7 8. Bb5+ Nfd7 9. a4 O-O 10. Nf3 Re8 11. O-O Na6 12. Re1 Nb4 13. h3 a6 14.
Bf1 Rb8 15. Bd2 Nf6 16. Qb3 b5 17. axb5 axb5 18. Bxb5 Rxb5 19. Nxb5 Qb6 20. Qc4 Bd7 21. Nc3 Nc2 22. Rac1 Nxe1 23. Rxe1 Qb4 24. Qa6 Nxe4 25. Nxe4 Rxe4 26. Bxb4 1-0

[Event "Early-Titled-Tuesday-Blitz-February-27-2024"]
[Site "Chess.com"]
[Date "2024.02.27"]
[Round "4"]
[White "Casper"]
[Black "1977Ivan"]
[Result "0-1"]
[WhiteElo "2538"]
[BlackElo "2734"]
[TimeControl "180+1"]
[EndTime "8:34:48 PST"]
[Termination "1977Ivan won by checkmate"]

1. e4 e5 2. d4 exd4 3. Qxd4 Nc6 4. Qc4 Nf6 5. Nc3 Bb4 6. Bd2 d6 7. O-O-O Be6 8. Qb5 O-O 9. Qxb7 Bd7 10. Nd5 Bxd2+ 11.
Rxd2 Nxe4 12. Re2 Rb8 13. Qxc7 Qg5+ 14. Ne3 Nb4 15. Qxd7 Nxa2+ 16. Kd1 Rxb2 17. Ke1 Rb1+ 18. Nd1 Rxd1+ 19. Kxd1 Qc1# 0-1

[Event "Early-Titled-Tuesday-Blitz-February-27-2024"]
[Site "Chess.com"]
[Date "2024.02.27"]
[Round "4"]
[White "wannabe2700"]
[Black "picturesquecheck"]
[Result "1-0"]
[WhiteElo "2722"]
[BlackElo "2487"]
[TimeControl "180+1"]
[EndTime "8:34:49 PST"]
[Termination "wannabe2700 won by resignation"]

1. b3 Nf6 2. Bb2 g6 3. Nf3 Bg7 4. g3 O-O 5. Bg2 d6 6. d4 Nc6 7. O-O Bg4 8. d5 Nb8 9. c4 c5 10. Nbd2 a6 11. h3 Bxf3 12. Nxf3 b5 13. Qc2 bxc4 14.
bxc4 Nfd7 15. Bxg7 Kxg7 16. Rab1 a5 17. Rb7 Kg8 18.
Rfb1 Na6 19. a3 Rb8 20. Qa4 Rxb7 21. Rxb7 Ndb8 22. Nd2 Qe8 23. Qb5 Qc8 24. Rxe7 Qf5 25. Ne4 h5 26. Qxa5 1-0

[Event "Early-Titled-Tuesday-Blitz-February-27-2024"]
[Site "Chess.com"]
[Date "2024.02.27"]
[Round "4"]
[White "AlainBruxelles"]
[Black "only_strong_moves"]
[Result "1-0"]
[WhiteElo "2447"]
[BlackElo "2633"]
[TimeControl "180+1"]
[EndTime "8:35:12 PST"]
[Termination "AlainBruxelles won by resignation"]

1. d4 Nf6 2. c4 e6 3. Nc3 d5 4. Bg5 Bb4 5. e3 h6 6. Bh4 O-O 7. a3 Be7 8. Bd3 b6 9. cxd5 Nxd5 10. Bxe7 Qxe7 11. Nge2 Bb7 12. O-O Nd7 13. e4 Nxc3 14.
bxc3 e5 15. Ng3 Rad8 16. f4 exd4 17. cxd4 c5 18. Nf5 Qe6 19. Qg4 Qg6 20. Ne7+ 1-0

[Event "Early-Titled-Tuesday-Blitz-February-27-2024"]
[Site "Chess.com"]
[Date "2024.02.27"]
[Round "4"]
[White "Polish_fighter3000"]
[Black "Dyadya81"]
[Result "1-0"]
[WhiteElo "3081"]
[BlackElo "2846"]
[TimeControl "180+1"]
[EndTime "8:35:20 PST"]
[Termination "Polish_fighter3000 won by resignation"]

1. e4 c6 2. d4 d5 3. e5 Bf5 4. Nf3 e6 5. Be2 Ne7 6. O-O c5 7. c4 Nbc6 8. dxc5 dxc4 9. Na3 Ng6 10. Be3 Ngxe5 11. Nxe5 Nxe5 12. Nxc4 Nc6 13. Qb3 Rb8 14. Rfd1 Qc7 15. Bf3 Be7 16. Nd6+ Bxd6 17. cxd6 Qd7 18. Bxc6 Qxc6 19. d7+ Ke7 20. Qb4+ Kf6 21. Qh4+ 1-0

[Event "Early-Titled-Tuesday-Blitz-February-27-2024"]
[Site "Chess.com"]
[Date "2024.02.27"]
[Round "4"]
[White "ilqar_74"]
[Black "Cambek64"]
[Result "1-0"]
[WhiteElo "2816"]
[BlackElo "2511"]
[TimeControl "180+1"]
[EndTime "8:35:23 PST"]
[Termination "ilqar_74 won by resignation"]

1. e4 e6 2. d4 d5 3. Nc3 Nc6 4. Nf3 Nf6 5. e5 Ne4 6. Bd3 Bb4 7. Bd2 Bxc3 8. bxc3 Nxd2 9. Qxd2 b6 10. Qe2 Bb7 11.
h4 Qe7 12. a4 Na5 13. Nd2 c5 14. Bb5+ Bc6 15. Nb3 Qc7 16. dxc5 Nxb3 17. cxb6 axb6 18. cxb3 O-O 19. Bxc6 Qxc6 20. Rh3 d4 21. Qf3 dxc3 22. Qxc6 1-0

[Event "Early-Titled-Tuesday-Blitz-February-27-2024"]
[Site "Chess.com"]
[Date "2024.02.27"]
[Round "4"]
[White "chesstrainer2042"]
[Black "Pliukha_Mikhail"]
[Result "1-0"]
[WhiteElo "2562"]
[BlackElo "2737"]
[TimeControl "180+1"]
[EndTime "8:35:25 PST"]
[Termination "chesstrainer2042 won by resignation"]

1. d4 Nf6 2. Nf3 e6 3. c4 d5 4. e3 c5 5. Nc3 Nc6 6. a3 a6 7. dxc5 Bxc5 8. b4 Be7 9. Bb2 O-O 10.
Qc2 dxc4 11. Bxc4 b5 12. Bd3 Bb7 13. Rd1 Qc7 14. Ne4 Nxe4 15. Bxe4 h6 16. Rc1 Rac8 17. Nd4 Bf6 18. Nxc6 Bxc6 19. Bxf6 Bxe4 20. Qxc7 Rxc7 21. Rxc7 gxf6 22. f3 Bd3 23. Kf2 Bc4 24. Rd1 Ra8 25. Rcd7 Kg7 26. Rd8 Ra7 27. R1d7 Rxd7 28. Rxd7 1-0

[Event "Early-Titled-Tuesday-Blitz-February-27-2024"]
[Site "Chess.com"]
[Date "2024.02.27"]
[Round "4"]
[White "PedroGil25"]
[Black "Rakhmanov_Aleksandr"]
[Result "0-1"]
[WhiteElo "2521"]
[BlackElo "2862"]
[TimeControl "180+1"]
[EndTime "8:35:28 PST"]
[Termination "Rakhmanov_Aleksandr won by resignation"]

1. e4 c5 2. Nf3 Nf6 3. e5 Nd5 4.
Nc3 Nxc3 5. dxc3 Nc6 6. Bf4 Qb6 7. Bd3 e6 8. b3 h6 9. h4 Qc7 10. Qe2 b6 11. O-O-O a6 12. h5 b5 13. Be4 Bb7 14.
g4 c4 15. g5 hxg5 16. Nxg5 Ne7 17. Qf3 Bxe4 18. Qxe4 Rc8 19. b4 a5 20. Be3 axb4 21.
cxb4 Qc6 22. Qf4 Nf5 23. c3 Ra8 24. Kb2 Bxb4 25. cxb4 c3+ 26. Kb3 c2 27. Rd3 Qxh1 0-1

[Event "Early-Titled-Tuesday-Blitz-February-27-2024"]
[Site "Chess.com"]
[Date "2024.02.27"]
[Round "4"]
[White "DenLaz"]
[Black "NovakCabarkapa"]
[Result "1-0"]
[WhiteElo "3038"]
[BlackElo "2820"]
[TimeControl "180+1"]
[EndTime "8:35:33 PST"]
[Termination "DenLaz won by resignation"]

1. d4 Nf6 2. c4 g6 3. g3 Bg7 4. Bg2 d6 5. Nc3 O-O 6. Nf3 Nbd7 7. O-O e5 8. e4 Re8 9. h3 b6 10. Re1 exd4 11. Nxd4 Bb7 12. Nc2 Nc5 13. f3 Nfd7 14. Be3 Ne5 15. Bf1 Nxf3+ 16. Qxf3 Nxe4 17. Bd4 Nc5 18. Qf2 Qd7 19. Bxg7 Kxg7 20. b4 Ne6 21.
h4 Kg8 22. Ne3 Nd4 23. Ned5 1-0

[Event "Early-Titled-Tuesday-Blitz-February-27-2024"]
[Site "Chess.com"]
[Date "2024.02.27"]
[Round "4"]
[White "Zhigalko_Sergei"]
[Black "ozates"]
[Result "1-0"]
[WhiteElo "2912"]
[BlackElo "2609"]
[TimeControl "180+1"]
[EndTime "8:35:33 PST"]
[Termination "Zhigalko_Sergei won by checkmate"]

1. e4 e5 2. Nf3 Nc6 3. Bc4 Bc5 4. b4 Bb6 5. Nc3 d6 6. Nd5 Nf6 7. a4 Nxe4 8. O-O O-O 9. d3 Nxf2 10. Rxf2 Bxf2+ 11. Kxf2 Kh8 12. Kg1 Be6 13. Ng5 h6 14.
Qh5 Qd7 15. Nf6 Qe7 16. Nge4 Bf5 17. Qxf5 Nd4 18. Qh7# 1-0